 Dungeon Crawl Stone Soup version 0.29.1-2-gbd0b4ee654 (webtiles) character file.

Game seed: 8217543105813246161

282 Ihaveafatcat the Chopper (level 6, -9/55 HPs)
             Began as a Hill Orc Fighter on Nov 15, 2022.
             Was a Believer of Jiyva.
             Mangled by an ogre
             ... wielding a +0 giant spiked club
              (26 damage)
             ... on level 4 of the Dungeon.
             The game lasted 00:04:25 (2886 turns).

Ihaveafatcat the Chopper (Hill Orc Fighter)         Turns: 2886, Time: 00:04:25

Health: -9/55      AC:  7    Str: 21    XL:     6   Next: 28%
Magic:  6/6        EV:  9    Int:  8    God:    Jiyva [**....]
Gold:   162        SH:  4    Dex: 10    Spells: 5/5 levels left

rFire   . . .      SeeInvis .   a - +0 war axe
rCold   . . .      Faith    .   c - +0 buckler
rNeg    . . .      Spirit   .   b - +0 scale mail
rPois   .          Reflect  .   (no helmet)
rElec   .          Harm     .   (no cloak)
rCorr   +          Rampage  .   (no gloves)
Will    .....                   (no boots)
Stlth   ..........              (no amulet)
HPRegen 1.14/turn               (no ring)
MPRegen 0.40/turn               (no ring)

@: mighty, lethally poisoned (-9 -> -9)
A: no striking features
a: Renounce Religion


You were on level 4 of the Dungeon.
You worshipped Jiyva.
Jiyva was pleased with you.
You visited 1 branch of the dungeon, and saw 4 of its levels.

You collected 162 gold pieces.

Inventory:

Hand Weapons
 a - a +0 war axe (weapon)
Armour
 b - a +0 scale mail (worn)
 c - a +0 buckler (worn)
Jewellery
 j - a ring of flight
Wands
 n - a wand of charming (7)
Scrolls
 e - 2 scrolls of torment {unknown}
 f - 4 scrolls of identify {unknown}
 h - a scroll of fear {unknown}
 i - a scroll of teleportation {unknown}
 m - a scroll of amnesia {unknown}
 o - a scroll of vulnerability {unknown}
 p - a scroll of acquirement {unknown}
Potions
 g - 2 potions of curing {unknown}
 k - a potion of mutation {unknown}
 l - a potion of invisibility {unknown}


   Skills:
 + Level 4.9 Fighting
 + Level 5.3 Axes
 + Level 4.9 Armour
 + Level 0.8 Dodging
 + Level 0.1 Stealth
 + Level 3.8 Shields


You had 5 spell levels left.
You didn't know any spells.
Your spell library contained the following spells:

 Spells                   Type           Power      Damage    Failure   Level
 Apportation              Tloc           0%         N/A       83%         1
 Necrotise                Necr           0%         1d4       83%         1
 Summon Small Mammal      Summ           0%         N/A       83%         1
 Ignite Poison            Fire/Tmut/Pois 0%         N/A       99%         3
 Mephitic Cloud           Conj/Pois/Air  0%         N/A       99%         3
 Freezing Cloud           Conj/Ice/Air   0%         6-21      100%        5


Dungeon Overview and Level Annotations

Branches:
Dungeon (4/15)
 Temple: D:4-7

Altars:
Uskayaw
Jiyva


Message History

There are monsters nearby!
There are monsters nearby!
There are monsters nearby!
You are too injured to fight recklessly!
There are monsters nearby!
There are monsters nearby!
You are too injured to fight recklessly!
There are monsters nearby!
You are too injured to fight recklessly!
There are monsters nearby!
There are monsters nearby!
You are too injured to fight recklessly!
There are monsters nearby!
You are too injured to fight recklessly!
You hit the ogre.
The ogre is moderately wounded.
You hit the scorpion but do no damage. You block the scorpion's attack.
The ogre completely misses you.
You hit the ogre but do no damage.
The ogre is moderately wounded.
You hit the scorpion. The scorpion stings you.
You are poisoned.
The scorpion poisons you! The scorpion closely misses you. The ogre misses you.
You slash the ogre!
The ogre is severely wounded.
You barely miss the scorpion.
You feel very sick.
An orc comes into view. It is wielding a +0 hand axe.
The scorpion stings you but does no damage.
The ogre hits you with a +0 giant spiked club.
The scorpion stings you.
You feel very mighty all of a sudden.
You feel sick.
The orc shouts!
You block the scorpion's attack.
You hit the ogre.
The ogre is almost dead.
You hit the scorpion.
You feel sick.
The ogre hits you with a +0 giant spiked club!!
You die...

.#####...###.#..#....#
#..............<#
#...###.#.##...###.
#...# #.#.#........
#...# #........##.#
#...#######........
................#.#
.......###....#..#
.........O@.........#
......s).o#.##.#.#
.............. # #
.....###.##..... ....#
#.# .#### ...# ... .
#.. ..# ## .. .#


You could see an ogre, a scorpion and an orc.

Vanquished Creatures
  An ogre (D:4)
  A hound (D:4)
  An iguana (D:3)
  An orc wizard (D:2)
  A gnoll (D:1)
  An adder (D:2)
  2 worms (D:3)
  3 dart slugs
  3 orcs
  4 ball pythons
  6 endoplasms
  2 giant cockroaches (D:2)
  10 goblins
  6 hobgoblins
  4 jackals (D:1)
  7 kobolds
  3 quokkas
  10 bats
  4 frilled lizards
  8 rats
78 creatures vanquished.

Vanquished Creatures (others)
  An iguana (D:4)
  A ball python (D:2)
  A hobgoblin (D:2)
  2 kobolds (D:2)
  2 demonic plants (D:2)
7 creatures vanquished.

Grand Total: 85 creatures vanquished

Notes
Turn   | Place    | Note
-------+----------+-------------------------------------------
     0 | D:1      | Ihaveafatcat the Hill Orc Fighter began the quest for the
                  | Orb.
     0 | D:1      | Reached XP level 1. HP: 19/19 MP: 1/1
   148 | D:1      | Reached XP level 2. HP: 27/27 MP: 2/2
   163 | D:1      | Reached skill level 3 in Axes
   540 | D:1      | Reached XP level 3. HP: 33/33 MP: 3/3
  1346 | D:2      | Reached XP level 4. HP: 30/40 MP: 4/4
  1466 | D:2      | Reached skill level 4 in Axes
  1489 | D:2      | Found a faded altar of an unknown god.
  1508 | D:2      | Prayed at the altar of an unknown god.
  1508 | D:2      | Became a worshipper of Jiyva Jeennap the Shapeless
  1508 | D:2      | Reached * piety under Jiyva
  2146 | D:3      | Reached XP level 5. HP: 36/47 MP: 5/5
  2262 | D:3      | Reached ** piety under Jiyva
  2531 | D:3      | Found a hide-covered altar of Uskayaw.
  2838 | D:4      | Noticed an ogre
  2844 | D:4      | Killed an ogre
  2845 | D:4      | Reached skill level 5 in Axes
  2845 | D:4      | Reached XP level 6. HP: 41/55 MP: 6/6
  2886 | D:4      | Mangled by an ogre

Illustrated notes

Levels and vault maps discovered:
D:1:      minmay_arrival_glassed_features, layout_basic
D:2:      layout_loops_ring, dreamdust_ecumenical_altar_sealed_demon
D:3:      layout_basic, nicolae_uskayaw_suspiria, minmay_surrounded
D:4:      layout_loops_cross, tso_altar, uniq_eustachio, uniq_ijyb, uniq_grinder

Skill      XL: |  1  2  3  4  5 |
---------------+----------------+-----
Axes           | 3 4 5 |  5.3
Fighting       | 4 |  4.9
Armour         | 4 |  4.9
Dodging        | |  0.8
Stealth        | |  0.1
Shields        | |  3.8

Action                   |  1- 3 |  4- 6 || total
-------------------------+-------+-------++-------
Melee: War axe           |   101 |   126 ||   227
  Use: Potion            |       |     1 ||     1
Armor: Scale mail        |    64 |    57 ||   121
Dodge: Dodged            |    53 |    58 ||   111
Block: Buckler           |    27 |    31 ||    58
